 Dungeon Crawl Stone Soup version 0.30.0-5-g1a98f26d00 (webtiles) character file.

Game seed: 6780004503590995618

19326 edwardauron the Nimble (level 12, -9/108 HPs)
             Began as a Gnoll Monk on May 12, 2023.
             Was a High Priest of Ashenzari.
             Mangled by a boulder beetle (14 damage)
             ... on level 12 of the Dungeon.
             The game lasted 00:24:19 (10712 turns).

edwardauron the Nimble (Gnoll Monk)                Turns: 10712, Time: 00:24:20

Health: -9/108     AC: 20    Str: 11    XL:     12   Next: 67%
Magic:  28/28      EV: 23    Int: 11    God:    Ashenzari [*****.]
Gold:   2171       SH:  5    Dex: 18    Spells: 30/35 levels left

rFire   . . .        a - +9 long sword "Gaze Upon Infinity" {heavy, Bglg, Elem} (curse)
rCold   . . .        d - orb "Share My Adversity" {light, Cun, Alch} (curse)
rNeg    . . .        B - +0 acid dragon scales
rPois   .            u - +1 helmet of Ashenzari's Ordeal {Self, Alch} (curse)
rElec   .            L - +2 cloak "Enigmatic Nihilism" {Bglg, Comp} (curse)
rCorr   +            D - +2 pair of gloves "Visionary of Ashenzari" {Melee, Comp} (curse)
SInv    +            O - +1 pair of boots "Monotheism of Ashenzari" {Melee, Alch} (curse)
Will    +....        n - amulet "Gaze Upon Infinity" {Reflect SH+5, Self, Elem} (curse)
Stlth   ++           C - ring of the Pangnostic Planets {EV+5, Bglg, Evo} (curse)
HPRegen 0.38/turn    r - ring of Ashenzari's Gnosis {Will+, Self, Fort} (curse)
MPRegen 0.21/turn

%: reflection, clarity
@: glowing
A: fangs 1, strong nose, distributed training
a: Renounce Religion, Shatter the Chains


You were on level 12 of the Dungeon.
You worshipped Ashenzari.
Ashenzari was extremely pleased with you.
You visited 1 branch of the dungeon, and saw 12 of its levels.
You also visited: Sewer.

You collected 2224 gold pieces.
You spent 53 gold pieces at shops.

Inventory:

Hand Weapons
 a - the cursed +9 long sword "Gaze Upon Infinity" (weapon) {heavy, Bglg, Elem}
   (You took it off a wight on level 8 of the Dungeon)

   It has a curse which improves the following skills: Beguiling: Conjurations,
   Hexes and Translocations.
   Elements:  Fire Magic, Ice Magic, Air Magic and Earth Magic.
Missiles
 s - 62 stones
Armour
 d - the cursed orb "Share My Adversity" (worn) {light, Cun, Alch}

   It has a curse which improves the following skills: Cunning: Dodging and
   Stealth.
   Alchemy:   Poison Magic and Transmutations.
 u - the cursed +1 helmet of Ashenzari's Ordeal (worn) {Self, Alch}
   (You took it off Robin on level 4 of the Dungeon)

   It has a curse which improves the following skills: Introspection: Fighting
   and Spellcasting.
   Alchemy:   Poison Magic and Transmutations.
 v - a +2 chain mail of poison resistance
 B - +0 acid dragon scales (worn)
 D - the cursed +2 pair of gloves "Visionary of Ashenzari" (worn) {Melee, Comp}
   (You found it on level 6 of the Dungeon)

   It has a curse which improves the following skills: Melee Combat: Short
   Blades, Long Blades, Axes, Maces & Flails, Polearms, Staves and Unarmed
   Combat.
   Companions: Summonings and Necromancy.
 L - the cursed +2 cloak "Enigmatic Nihilism" (worn) {Bglg, Comp}
   (You found it on level 7 of the Dungeon)

   It has a curse which improves the following skills: Beguiling: Conjurations,
   Hexes and Translocations.
   Companions: Summonings and Necromancy.
 O - the cursed +1 pair of boots "Monotheism of Ashenzari" (worn) {Melee, Alch}
   (You found it on level 2 of the Dungeon)

   It has a curse which improves the following skills: Melee Combat: Short
   Blades, Long Blades, Axes, Maces & Flails, Polearms, Staves and Unarmed
   Combat.
   Alchemy:   Poison Magic and Transmutations.
Magical Staves
 K - a staff of earth
Jewellery
 n - the cursed amulet "Gaze Upon Infinity" (around neck) {Reflect SH+5, Self, Elem}
   (You found it on level 2 of the Dungeon)

   [amulet of reflection]

   It reflects blocked missile attacks.
   SH:        It affects your SH (+5).
   It has a curse which improves the following skills: Introspection: Fighting
   and Spellcasting.
   Elements:  Fire Magic, Ice Magic, Air Magic and Earth Magic.
 r - the cursed ring of Ashenzari's Gnosis (right hand) {Will+, Self, Fort}
   (You found it on level 4 of the Dungeon)

   [ring of willpower]

   Will:      It increases your willpower.
   It has a curse which improves the following skills: Introspection: Fighting
   and Spellcasting.
   Fortitude: Armour and Shields.
 C - the cursed ring of the Pangnostic Planets (left hand) {EV+5, Bglg, Evo}
   (You took it off an orc on level 5 of the Dungeon)

   [ring of evasion]

   EV:        It affects your evasion (+5).
   It has a curse which improves the following skills: Beguiling: Conjurations,
   Hexes and Translocations.
   Evocations: Evocations.
 J - a ring of protection from cold
Wands
 l - a wand of iceblast (10)
 q - a wand of digging (3)
 y - a wand of flame (25)
 G - a wand of acid (5)
 H - a wand of charming (17)
Scrolls
 b - 6 scrolls of teleportation
 f - 10 scrolls of identify
 h - 5 scrolls of fog
 j - a scroll of immolation
 k - 5 scrolls of magic mapping
 m - 5 scrolls of vulnerability
 o - 3 scrolls of amnesia
 A - a scroll of blinking
 F - a scroll of butterflies
 M - a scroll of brand weapon
 P - a scroll of enchant armour
Potions
 c - 4 potions of ambrosia
 e - 4 potions of curing
 g - 4 potions of haste
 i - 4 potions of magic
 p - 5 potions of invisibility
 t - 5 potions of brilliance
 w - 3 potions of lignification
 x - 2 potions of heal wounds
 z - 3 potions of mutation
 E - a potion of might
 I - a potion of flight
 N - 3 potions of berserk rage
 Q - a potion of resistance


   Skills:
 + Level 10.2(14.4) Fighting
 + Level 10.2(13.4) Short Blades
 + Level 7.8(11.0) Long Blades
 + Level 7.8(11.0) Axes
 + Level 7.8(11.0) Maces & Flails
 + Level 7.8(11.0) Polearms
 + Level 7.8(11.0) Staves
 + Level 7.8 Ranged Weapons
 + Level 7.8 Throwing
 + Level 7.8(10.0) Armour
 + Level 10.2(12.3) Dodging
 + Level 7.8(10.0) Stealth
 + Level 7.8(10.0) Shields
 + Level 7.8(11.0) Unarmed Combat
 + Level 7.8(12.0) Spellcasting
 + Level 6.4(10.6) Conjurations
 + Level 6.4(10.6) Hexes
 + Level 6.4(9.6) Summonings
 + Level 6.4(9.6) Necromancy
 + Level 6.4(10.6) Translocations
 + Level 6.4(10.6) Transmutations
 + Level 6.4(9.6) Fire Magic
 + Level 6.4(9.6) Ice Magic
 + Level 6.4(9.6) Air Magic
 + Level 6.4(9.6) Earth Magic
 + Level 6.4(10.6) Poison Magic
 + Level 8.5 Invocations
 + Level 7.8(10.0) Evocations


You had 30 spell levels left.
You knew the following spells:

 Your Spells              Type           Power      Damage    Failure   Level
a - Sting                 Tmut/Pois      100%       1d8       1%          1
b - Olgreb's Toxic Radia  Pois           29%        N/A       1%          4

Your spell library contained the following spells:

 Spells                   Type           Power      Damage    Failure   Level
 Blink                    Tloc           58%        N/A       1%          2
 Ensorcelled Hibernation  Hex/Ice        56%        N/A       1%          2
 Lesser Beckoning         Tloc           58%        N/A       1%          2
 Momentum Strike          Conj/Tloc      58%        3d9       1%          2
 Passwall                 Tmut/Erth      23%        N/A       1%          2
 Poisonous Vapours        Pois/Air       56%        N/A       1%          2
 Dazzling Flash           Conj/Hex       58%        N/A       1%          3
 Swiftness                Air            27%        N/A       1%          3
 Silence                  Hex/Air        14%        N/A       6%          5
 Agony                    Necr           27%        N/A       8%          5


Dungeon Overview and Level Annotations

Branches:
Dungeon (12/15)            Temple (0/1) D:4            Lair (0/5) D:10
    Orc (0/2) D:11          Sewer (visited)

Altars:
Ashenzari
Cheibriados
Elyvilon
Fedhas
Hepliaklqana
Okawaru
Sif Muna
Vehumet
Wu Jian
Xom
Zin

Shops:
D:1 (   D:4 (   D:5 :   D:6 *   D:9 ![[!*


Innate Abilities, Weirdness & Mutations

You have very sharp teeth.
Your uncanny sense of smell can sniff out nearby items.
Your experience applies equally to all skills.


Message History

The deep elf pyromancer is almost dead.
The deep elf pyromancer misses you.
You slice the deep elf pyromancer!!
You kill the deep elf pyromancer!
f - 10 scrolls of identify (gained 1)
You now have 2171 gold pieces (gained 14).
Items here: ! ) [ †.
You start resting.
A boulder beetle comes into view.
You are too injured to fight recklessly!
You are too injured to fight recklessly!
You are too injured to fight recklessly!
Aiming: Corrosive Bolt
Press: ? - help, Shift-Dir - straight line, f - boulder beetle
Aim: a boulder beetle (wandering, hasn't noticed you, haloed, 100% to hit)
The bolt of acid hits the boulder beetle!
The acid corrodes the boulder beetle!
The boulder beetle is lightly wounded.
The boulder beetle curls into a ball and begins rolling!
The boulder beetle hits you!!
* * * LOW HITPOINT WARNING * * *
The boulder beetle stops rolling and uncurls.
You slash the boulder beetle!
You bite the boulder beetle, but do no damage.
The boulder beetle is moderately wounded.
The boulder beetle misses you.
You slash the boulder beetle!
You bite the boulder beetle, but do no damage.
The boulder beetle is heavily wounded.
The boulder beetle completely misses you.
You slash the boulder beetle!
The boulder beetle is severely wounded.
The boulder beetle is no longer covered in acid.
The boulder beetle bites you!
* * * LOW HITPOINT WARNING * * *
You slice the boulder beetle!!
You bite the boulder beetle, but do no damage.
The boulder beetle is almost dead.
The boulder beetle bites you!
You die...

###* ***######################
... , .....................#
.# ,,, ....#................#
.#,, ,................###..#
.#.,,,,,............#...# #..#
... , .............#..###..#
...,, ,,.........)...........#
.## ** ###########.##........#
.#,, #.......B@...'........#
.#, ,, #............#........#
.#.. , #............#.....##.#
.#....##............#.)......#
....................#........#
#########.###..###..#........#
*,,#...†#..#..###...#)......#
*....$.# #.#.....).....#....#
#.#.##, ,##................#


You could see a boulder beetle.

Vanquished Creatures
  Snorg (D:10)
  A hydra (D:12)
  A centaur warrior (D:12)
  3 two-headed ogres
  2 boulder beetles
  Amaemon (D:8)
  2 deep elf pyromancers (D:12)
  A necromancer (D:12)
  2 cyclopes (D:12)
  A manticore (D:12)
  Maurice (D:11)
  An orange demon (D:8)
  3 gargoyles
  Psyche (D:8)
  2 unseen horrors
  A yaktaur (D:12)
  4 trolls
  2 slime creatures (D:12)
  A shadow (D:12)
  A wraith (D:11)
  4 yaks (D:11)
  A wyvern (D:9)
  A basilisk (D:12)
  5 vampire mosquitoes
  3 steam dragons
  Edmund (D:4)
  2 acid dragons (D:12)
  3 water moccasins (D:10)
  An orc warrior (D:9)
  6 black bears
  A sky beast (D:6)
  11 centaurs
  3 phantoms
  A kobold brigand (D:11)
  4 bullfrogs
  2 gnoll sergeants
  8 scorpions
  18 wights
  6 howler monkeys
  4 hounds
  4 orc priests
  3 sleepcaps
  A gnoll bouda (D:8)
  2 jellies (Sewer)
  4 iguanas
  11 orc wizards
  Robin (D:4)
  19 gnolls
  5 adders
  A river rat (Sewer)
  2 shadow imps (D:5)
  3 ufetubi
  3 dart slugs
  34 orcs
  7 bats
  14 endoplasms
  5 giant cockroaches
  8 goblins
  5 hobgoblins
  3 jackals (D:2)
  4 quokkas
  14 ball pythons
  5 frilled lizards
  12 kobolds
  6 rats
293 creatures vanquished.

Notes
Turn   | Place    | Note
-------+----------+-------------------------------------------
     0 | D:1      | edwardauron the Gnoll Monk began the quest for the Orb.
     0 | D:1      | Reached XP level 1. HP: 23/23 MP: 1/1
    70 | D:1      | Reached XP level 2. HP: 27/29 MP: 2/2
   300 | D:1      | Reached XP level 3. HP: 35/35 MP: 3/3
   445 | D:1      | Found Tinava Maxt's Antique Weapon Shop.
   555 | D:1      | Reached skill level 1 in Invocations
   918 | D:2      | Reached skill level 1 in Long Blades
   918 | D:2      | Reached skill level 1 in Axes
   918 | D:2      | Reached skill level 1 in Maces & Flails
   918 | D:2      | Reached skill level 1 in Polearms
   918 | D:2      | Reached skill level 1 in Staves
   918 | D:2      | Reached skill level 1 in Ranged Weapons
   918 | D:2      | Reached skill level 1 in Throwing
   918 | D:2      | Reached skill level 1 in Armour
   918 | D:2      | Reached skill level 1 in Stealth
   918 | D:2      | Reached skill level 1 in Shields
   918 | D:2      | Reached skill level 1 in Unarmed Combat
   918 | D:2      | Reached skill level 1 in Spellcasting
   918 | D:2      | Reached skill level 1 in Evocations
  1067 | D:2      | Found a broken altar of Ashenzari.
  1095 | D:2      | Became a worshipper of Ashenzari the Shackled
  1149 | D:2      | Reached * piety under Ashenzari
  1354 | D:3      | Reached XP level 4. HP: 39/43 MP: 6/6
  1422 | D:3      | Identified the +1 robe of the King of the Hill {Dex+5
                  | Slay+3}
  1489 | D:3      | Found a radiant altar of Vehumet.
  1490 | D:3      | Found a shimmering blue altar of Sif Muna.
  1643 | D:3      | Reached ** piety under Ashenzari
  1908 | D:4      | Reached skill level 1 in Conjurations
  1908 | D:4      | Reached skill level 1 in Hexes
  1908 | D:4      | Reached skill level 1 in Summonings
  1908 | D:4      | Reached skill level 1 in Necromancy
  1908 | D:4      | Reached skill level 1 in Translocations
  1908 | D:4      | Reached skill level 1 in Transmutations
  1908 | D:4      | Reached skill level 1 in Fire Magic
  1908 | D:4      | Reached skill level 1 in Ice Magic
  1908 | D:4      | Reached skill level 1 in Air Magic
  1908 | D:4      | Reached skill level 1 in Earth Magic
  1908 | D:4      | Reached skill level 1 in Poison Magic
  1951 | D:4      | Found Synkyt's Weapon Shoppe.
  2071 | D:4      | Reached XP level 5. HP: 22/49 MP: 8/8
  2469 | D:4      | Noticed Robin
  2475 | D:4      | Killed Robin
  2551 | D:4      | Noticed Edmund
  2565 | D:4      | Killed Edmund
  2566 | D:4      | Reached XP level 6. HP: 31/56 MP: 8/10
  2652 | D:4      | Noticed a black bear
  2667 | D:4      | Killed a black bear
  2678 | D:4      | Reached XP level 7. HP: 61/62 MP: 11/11
  2694 | D:4      | Found a staircase to the Ecumenical Temple.
  3022 | D:5      | Entered Level 5 of the Dungeon
  3061 | D:5      | Found a glowing drain.
  3088 | Sewer    | Entered a sewer
  3333 | Sewer    | Found a viscous altar of Jiyva.
  3489 | D:5      | Learned a level 1 spell: Sting
  3504 | D:5      | Noticed a steam dragon
  3516 | D:5      | Killed a steam dragon
  3517 | D:5      | Reached XP level 8. HP: 44/69 MP: 11/14
  3803 | D:5      | Reached *** piety under Ashenzari
  4164 | D:5      | Found Ifeawk's Vocational Training.
  4326 | D:6      | Noticed a gargoyle
  4390 | D:6      | Killed a gargoyle
  4391 | D:6      | Reached XP level 9. HP: 40/78 MP: 16/18
  4704 | D:6      | Found a hazy altar of Hepliaklqana.
  4780 | D:6      | Found Gofy's Assorted Antiques.
  4789 | D:6      | Bought a scroll labelled XAAL HYD FAGIO for 28 gold pieces
  4789 | D:6      | Bought a red potion for 25 gold pieces
  4959 | D:6      | Reached skill level 5 in Invocations
  5173 | D:6      | Found a snail-covered altar of Cheibriados.
  5562 | D:7      | Learned a level 4 spell: Olgreb's Toxic Radiance
  6161 | D:8      | Reached **** piety under Ashenzari
  6223 | D:8      | Reached skill level 5 in Long Blades
  6223 | D:8      | Reached skill level 5 in Axes
  6223 | D:8      | Reached skill level 5 in Maces & Flails
  6223 | D:8      | Reached skill level 5 in Polearms
  6223 | D:8      | Reached skill level 5 in Staves
  6223 | D:8      | Reached skill level 5 in Ranged Weapons
  6223 | D:8      | Reached skill level 5 in Throwing
  6223 | D:8      | Reached skill level 5 in Armour
  6223 | D:8      | Reached skill level 5 in Stealth
  6223 | D:8      | Reached skill level 5 in Shields
  6223 | D:8      | Reached skill level 5 in Unarmed Combat
  6223 | D:8      | Reached skill level 5 in Spellcasting
  6223 | D:8      | Reached skill level 5 in Evocations
  6223 | D:8      | Reached XP level 10. HP: 27/87 MP: 21/21
  6443 | D:8      | Noticed Psyche
  6449 | D:8      | Found an iron altar of Okawaru.
  6456 | D:8      | Killed Psyche
  6575 | D:8      | Found a white marble altar of Elyvilon.
  6712 | D:8      | Noticed an orange demon
  6713 | D:8      | Noticed Amaemon
  6730 | D:8      | Killed Amaemon
  6740 | D:8      | Killed an orange demon
  7167 | D:9      | Found Zaron's Distillery.
  7286 | D:9      | Found an ornate altar of the Wu Jian Council.
  7286 | D:9      | Found a shimmering altar of Xom.
  7346 | D:9      | Found Asmeuz's Armour Shop.
  7352 | D:9      | Noticed a two-headed ogre
  7353 | D:9      | Found Yzeohoep's Armour Shoppe.
  7362 | D:9      | Killed a two-headed ogre
  7457 | D:9      | Identified a scroll of acquirement
  7462 | D:9      | Found a blossoming altar of Fedhas.
  7473 | D:9      | Reached ***** piety under Ashenzari
  7543 | D:9      | Found Kitik's Assorted Antiques.
  7618 | D:9      | Found Goewk's Distillery.
  7630 | D:10     | Entered Level 10 of the Dungeon
  7727 | D:10     | Noticed Snorg
  7741 | D:10     | Killed Snorg
  7742 | D:10     | Reached skill level 5 in Conjurations
  7742 | D:10     | Reached skill level 5 in Hexes
  7742 | D:10     | Reached skill level 5 in Summonings
  7742 | D:10     | Reached skill level 5 in Necromancy
  7742 | D:10     | Reached skill level 5 in Translocations
  7742 | D:10     | Reached skill level 5 in Transmutations
  7742 | D:10     | Reached skill level 5 in Fire Magic
  7742 | D:10     | Reached skill level 5 in Ice Magic
  7742 | D:10     | Reached skill level 5 in Air Magic
  7742 | D:10     | Reached skill level 5 in Earth Magic
  7742 | D:10     | Reached skill level 5 in Poison Magic
  7742 | D:10     | Reached XP level 11. HP: 27/98 MP: 25/25
  7949 | D:10     | Noticed a two-headed ogre
  7956 | D:10     | Killed a two-headed ogre
  8052 | D:10     | Noticed a two-headed ogre
  8063 | D:10     | Killed a two-headed ogre
  8143 | D:10     | Found a staircase to the Lair.
  8302 | D:10     | Acquired 1136 gold pieces
  8643 | D:10     | Noticed an angel
  8644 | D:10     | Found a glowing silver altar of Zin.
  8691 | D:11     | Found a staircase to the Orcish Mines.
  8769 | D:11     | Noticed Maurice
  8777 | D:11     | Killed Maurice
  9336 | D:2      | Reached ****** piety under Ashenzari
  9497 | D:11     | Noticed a boulder beetle
  9508 | D:11     | Killed a boulder beetle
  9981 | D:12     | Reached XP level 12. HP: 83/108 MP: 27/27
 10443 | D:12     | Reached skill level 10 in Fighting
 10443 | D:12     | Reached skill level 10 in Short Blades
 10443 | D:12     | Reached skill level 10 in Dodging
 10490 | D:12     | Identified the +1 quarterstaff of Frustration {flame, rN++
                  | Dex+4 Stlth+}
 10537 | D:12     | Noticed a centaur warrior
 10542 | D:12     | Killed a centaur warrior
 10615 | D:12     | Noticed a boulder beetle
 10622 | D:12     | Noticed a five-headed hydra
 10629 | D:12     | Killed a boulder beetle
 10642 | D:12     | Killed an 11-headed hydra
 10703 | D:12     | Noticed a boulder beetle
 10711 | D:12     | HP: 4/108 [boulder beetle (12)]
 10712 | D:12     | Mangled by a boulder beetle

Illustrated notes

Levels and vault maps discovered:
D:1:      saegor_arrival_under_anarchy, layout_rooms, serial_shops,
          nicolae_shop_pleasant_corner_grove, minivault_24
D:2:      layout_loops_ring, basic_altar
D:3:      layout_loops_ring, jmf_multi_god_temple, minmay_misc_feat_four_crosses
D:4:      layout_basic, minmay_temple_entry_steel_oval, nicolae_take_the_stairs,
          uniq_robin, uniq_edmund
D:5:      layout_basic, cheibrodos_sewer_entry_sluice, nicolae_shop_vocational
D:6:      cheibrodos_fzero, layout_loops_ring, nicolae_hepliaklqana_hippocampus,
          kennysheep_slug_shrine, serial_shops, nicolae_shop_crystal
D:7:      layout_basic, due_unseen_surprise
D:8:      layout_cave_pools, old_standard_altar, elyvilon_altar_5,
          dreamdust_princess_bridge, uniq_psyche, uniq_amaemon
D:9:      layout_gridville, gammafunk_temple_overflow_elements,
          amcnicky_altar_gilded, serial_shops, nicolae_shop_advertising_works
          [nicolae_subvault_shop_adworks], nicolae_shop_real_fake_doors,
          nicolae_shop_industrial_runoff, shop, shop
D:10:     layout_long_grid, zin_angel, due_lair_maze_entry_diamond, uniq_snorg
D:11:     layout_long_grid, orc_0_dummy, uniq_maurice
D:12:     minmay_the_grid_square_5x5_5x5_mashed
          [minmay_the_grid_square_5x5_corner,
          minmay_the_grid_square_5x5_moneybag,
          minmay_the_grid_square_5x5_beaten_path,
          minmay_the_grid_square_5x5_checkered,
          minmay_the_grid_square_5x5_inner_i,
          minmay_the_grid_square_5x5_one_wall,
          minmay_the_grid_square_5x5_prize_itemx,
          minmay_the_grid_square_5x5_three,
          minmay_the_grid_square_5x5_prize_pseudospiral,
          minmay_the_grid_square_5x5_half_checkered,
          minmay_the_grid_square_5x5_longway,
          minmay_the_grid_square_5x5_minivault,
          minmay_the_grid_square_5x5_prize_junk, minmay_the_grid_square_5x5_c,
          minmay_the_grid_square_5x5_empty, minmay_the_grid_square_5x5_inner_z,
          minmay_the_grid_square_5x5_prize_deathbox,
          minmay_the_grid_square_5x5_forky,
          minmay_the_grid_square_5x5_prize_snowflake,
          minmay_the_grid_square_5x5_empty,
          minmay_the_grid_square_5x5_intrusive_squares,
          minmay_the_grid_square_5x5_hollow_slash,
          minmay_the_grid_square_5x5_three_small,
          minmay_the_grid_square_5x5_minibox,
          minmay_the_grid_square_5x5_spiral], layout_stronghold

Skill      XL: |  1  2  3  4  5  6  7  8  9 10 11 12 |
---------------+-------------------------------------+-----
Invocations    | 1 2 3 4 5 6 7 8 |  8.5
Long Blades    | 1 2 3 4 5 6 7 |  7.8
Axes           | 1 2 3 4 5 6 7 |  7.8
Maces & Flails | 1 2 3 4 5 6 7 |  7.8
Polearms       | 1 2 3 4 5 6 7 |  7.8
Staves         | 1 2 3 4 5 6 7 |  7.8
Ranged Weapons | 1 2 3 4 5 6 7 |  7.8
Throwing       | 1 2 3 4 5 6 7 |  7.8
Armour         | 1 2 3 4 5 6 7 |  7.8
Stealth        | 1 2 3 4 5 6 7 |  7.8
Shields        | 1 2 3 4 5 6 7 |  7.8
Unarmed Combat | 1 2 3 4 5 6 7 |  7.8
Spellcasting   | 1 2 3 4 5 6 7 |  7.8
Evocations     | 1 2 3 4 5 6 7 |  7.8
Conjurations   | 1 2 3 4 5 6 |  6.4
Hexes          | 1 2 3 4 5 6 |  6.4
Summonings     | 1 2 3 4 5 6 |  6.4
Necromancy     | 1 2 3 4 5 6 |  6.4
Translocations | 1 2 3 4 5 6 |  6.4
Transmutations | 1 2 3 4 5 6 |  6.4
Fire Magic     | 1 2 3 4 5 6 |  6.4
Ice Magic      | 1 2 3 4 5 6 |  6.4
Air Magic      | 1 2 3 4 5 6 |  6.4
Earth Magic    | 1 2 3 4 5 6 |  6.4
Poison Magic   | 1 2 3 4 5 6 |  6.4
Fighting       | 7 8 9 10 | 10.2
Short Blades   | 7 8 9 10 | 10.2
Dodging        | 7 8 9 10 | 10.2

Action                     |  1- 3 |  4- 6 |  7- 9 | 10-12 || total
---------------------------+-------+-------+-------+-------++-------
  Melee: Short sword       |   135 |   101 |   405 |    66 ||   707
         Bite              |    16 |    12 |    63 |    45 ||   136
         Long sword        |       |       |       |   237 ||   237
  Throw: Stone             |       |     4 |       |       ||     4
   Cast: Sting             |       |       |     8 |       ||     8
         Olgreb's Toxic Ra |       |       |       |     7 ||     7
 Invoke: Curse Item        |     2 |     1 |     4 |     4 ||    11
         Shatter the Chain |       |       |     1 |     1 ||     2
  Evoke: Wand              |       |       |       |     5 ||     5
    Use: Potion            |       |     1 |     2 |     8 ||    11
         Scroll            |       |       |       |     9 ||     9
   Stab: Sleeping          |       |       |     1 |     1 ||     2
         Distracted        |       |       |     1 |     1 ||     2
 Armour: Robe              |    18 |     2 |    34 |    45 ||    99
         Acid dragon scale |       |       |       |    50 ||    50
  Dodge: Dodged            |    74 |    60 |   209 |   514 ||   857
  Block: Orb               |     5 |    19 |    67 |   108 ||   199
         Reflection        |       |     3 |     7 |     6 ||    16
